PBL
MILWAUKEE BREWERS @ HOUSTON ASTROS
06/26/2071
 
TOP OF THE 1ST
Milwaukee Brewers batting - Pitching for Houston Astros : LHP Ron Reith
Pitching: LHP Ron Reith
Batting: RHB Steve Sloan 0-0: Ball
1-0: Ball
2-0: Called Strike
2-1: Foul Ball, location: 3SF
2-2: Foul Ball, location: 9LSF
2-2: Ball
3-2: Ground out 6-3 (Groundball, 6S, EV 66.9 MPH)
Batting: SHB Yang Siu 0-0: Foul Ball, location: 2F
0-1: Ball
1-1: Ball
2-1: Foul Ball, location: 3DF
2-2: Strikes out swinging
Batting: RHB Steve White 0-0: Called Strike
0-1: Swinging Strike
0-2: Ball
1-2: Ball
2-2: Strikes out looking
Top of the 1st over - 0 runs, 0 hits, 0 errors, 0 left on base; Milwaukee 0 - Houston 0
BOTTOM OF THE 1ST
Houston Astros batting - Pitching for Milwaukee Brewers : RHP Pedro Guevara
Pitching: RHP Pedro Guevara
Batting: RHB Sukenobu Taneda 0-0: Foul Ball, location: 2F
0-1: Ground out U3 (Groundball, 34, EV 85.6 MPH)
Batting: LHB Emiel Vonhof 0-0: Called Strike
0-1: Swinging Strike
0-2: Strikes out looking
Batting: RHB Jin Daikawa 0-0: Ball
1-0: Swinging Strike
1-1: Swinging Strike
1-2: Strikes out swinging
Bottom of the 1st over - 0 runs, 0 hits, 0 errors, 0 left on base; Milwaukee 0 - Houston 0
TOP OF THE 2ND
Milwaukee Brewers batting - Pitching for Houston Astros : LHP Ron Reith
Batting: LHB Santiago Romero 0-0: DOUBLE (Flyball, 8RXD, EV 96.9 MPH)
Batting: LHB John Brosseau 0-0: Ball
1-0: Called Strike
1-1: Foul Ball, location: 2F
1-2: Strikes out swinging
Batting: LHB Roberto Rodríguez 0-0: Ball
1-0: Foul Ball, location: 2F
1-1: Called Strike
1-2: Strikes out looking
Batting: LHB Ron McBride 0-0: Called Strike
0-1: Swinging Strike
0-2: Fly out, F6 (Line Drive, 6, EV 73.8 MPH)
Top of the 2nd over - 0 runs, 1 hit, 0 errors, 1 left on base; Milwaukee 0 - Houston 0
BOTTOM OF THE 2ND
Houston Astros batting - Pitching for Milwaukee Brewers : RHP Pedro Guevara
Batting: LHB Trevor Burt 0-0: SINGLE (Line Drive, 5D, EV 105.0 MPH)
Batting: RHB Garrek Carpenter 0-0: Foul Ball, location: 9LMF
0-1: Called Strike
0-2: Strikes out swinging
Batting: RHB Mike Hall 0-0: Ball
1-0: Called Strike
1-1: Called Strike
1-2: Foul Ball, location: 2F
1-2: SINGLE (Line Drive, 34, EV 102.5 MPH)
Trevor Burt to second
Batting: RHB Arturo Becerra 0-0: Called Strike
0-1: Called Strike
0-2: DOUBLE (Line Drive, 89D, EV 103.1 MPH)
Trevor Burt scores
Mike Hall to third
Batting: RHB Roberto Beltrán 0-0: Foul Ball, location: 2F
0-1: Swinging Strike
0-2: Ground out U3 (Groundball, 3S, EV 89.4 MPH)
Batting: RHB Chris Martínez 0-0: Ball
1-0: Ball
2-0: Ground out 5-3 (Groundball, 56S, EV 70.6 MPH)
Bottom of the 2nd over - 1 run, 3 hits, 0 errors, 2 left on base; Milwaukee 0 - Houston 1
TOP OF THE 3RD
Milwaukee Brewers batting - Pitching for Houston Astros : LHP Ron Reith
Batting: LHB Stanley Hawkins 0-0: Ball
1-0: Ball
2-0: Foul Ball, location: 7LDF
2-1: Ground out U3 (Groundball, 3L, EV 81.9 MPH)
Batting: RHB Pat Dunlap 0-0: Called Strike
0-1: Swinging Strike
0-2: Foul Ball, location: 2LF
0-2: Ball
1-2: Foul Ball, location: 3F
1-2: Ball
2-2: Foul Ball, location: 5FF
2-2: Ball
3-2: Ground out 5-3 (Groundball, 5, EV 107.5 MPH)
Batting: RHB Steve Sloan 0-0: Ball
1-0: Ball
2-0: Called Strike
2-1: Foul Ball, location: 25F
2-2: Strikes out looking
Top of the 3rd over - 0 runs, 0 hits, 0 errors, 0 left on base; Milwaukee 0 - Houston 1
BOTTOM OF THE 3RD
Houston Astros batting - Pitching for Milwaukee Brewers : RHP Pedro Guevara
Batting: RHB Sukenobu Taneda 0-0: Ball
1-0: Called Strike
1-1: Called Strike
1-2: Ball
2-2: Ground out 6-3 (Groundball, 6, EV 106.3 MPH)
Batting: LHB Emiel Vonhof 0-0: Swinging Strike
0-1: Called Strike
0-2: Ball
1-2: Fly out, F9 (Line Drive, 89S, EV 94.4 MPH)
Batting: RHB Jin Daikawa 0-0: Ball
1-0: Ball
2-0: Called Strike
2-1: Foul Ball, location: 5F
2-2: Ball
3-2: Base on Balls
Batting: LHB Trevor Burt 0-0: Ball
1-0: Ball
2-0: Foul Ball, location: 5F
2-1: Ground out 4-3 (Groundball, 4, EV 86.3 MPH)
Bottom of the 3rd over - 0 runs, 0 hits, 0 errors, 1 left on base; Milwaukee 0 - Houston 1
TOP OF THE 4TH
Milwaukee Brewers batting - Pitching for Houston Astros : LHP Ron Reith
Batting: SHB Yang Siu 0-0: Ball
1-0: Called Strike
1-1: Foul Ball, location: 3F
1-2: Ball
2-2: SOLO HOME RUN (Flyball, 9LD, EV 91.9 MPH), Distance : 350 ft
Batting: RHB Steve White 0-0: Ball
1-0: Ball
2-0: Ball
3-0: Base on Balls
Batting: LHB Santiago Romero 0-0: Ball
1-0: Swinging Strike
1-1: Swinging Strike
1-2: Strikes out looking
Batting: LHB John Brosseau 0-0: Swinging Strike
0-1: Ball
1-1: SINGLE (Groundball, 4MD, EV 103.8 MPH) (infield hit)
Steve White to second
Batting: LHB Roberto Rodríguez 0-0: Called Strike
0-1: Foul Ball, location: 3FF
0-2: Ball
1-2: SINGLE (Line Drive, 7S, EV 98.1 MPH)
Steve White to third
John Brosseau to second
Runner from 3rd tries for Home, SAFE, throw by LF to home
Batting: LHB Ron McBride 0-0: SINGLE (Flyball, 5D, EV 96.3 MPH)
John Brosseau to third
Roberto Rodríguez to second
Batting: LHB Stanley Hawkins 0-0: Foul Ball, location: 5F
0-1: Foul Ball, location: 23FF
0-2: Ball
1-2: Foul Ball, location: 7LDF
1-2: Foul Ball, location: 7LMF
1-2: Fielders Choice at 2nd, 6-4 (Groundball, 6M, EV 90.0 MPH)
John Brosseau scores
Roberto Rodríguez to third
Batting: RHB Pat Dunlap 0-0: Ball
1-0: Ball
2-0: Swinging Strike
2-1: Ball
3-1: Foul Ball, location: 9LMF
3-2: Strikes out swinging
Top of the 4th over - 3 runs, 4 hits, 0 errors, 2 left on base; Milwaukee 3 - Houston 1
BOTTOM OF THE 4TH
Houston Astros batting - Pitching for Milwaukee Brewers : RHP Pedro Guevara
Batting: RHB Garrek Carpenter 0-0: Ball
1-0: Foul Ball, location: 2F
1-1: Ball
2-1: Foul Ball, location: 2F
2-2: Foul Ball, location: 23FF
2-2: Foul Ball, location: 7LSFF
2-2: Foul Ball, location: 5FF
2-2: Foul Ball, location: 2RF
2-2: Foul Ball, location: 5DF
2-2: Foul Ball, location: 2F
2-2: Ball
3-2: Foul Ball, location: 2F
3-2: Ground out 4-3 (Groundball, 34, EV 106.9 MPH)
Batting: RHB Mike Hall 0-0: SINGLE (Groundball, 56D, EV 99.4 MPH)
Batting: RHB Arturo Becerra 0-0: Ball
1-0: Reached on error, E9 (Line Drive, 9D, EV 103.1 MPH)
Mike Hall to second
Batting: RHB Roberto Beltrán 0-0: Grounds into double play, 5-4-3 (Groundball, 5, EV 88.1 MPH)
Bottom of the 4th over - 0 runs, 1 hit, 1 error, 1 left on base; Milwaukee 3 - Houston 1
TOP OF THE 5TH
Milwaukee Brewers batting - Pitching for Houston Astros : LHP Ron Reith
Batting: RHB Steve Sloan 0-0: Ball
1-0: Called Strike
1-1: Ball
2-1: Ground out 6-3 (Groundball, 6, EV 100.0 MPH)
Batting: SHB Yang Siu 0-0: Called Strike
0-1: Ball
1-1: Ball
2-1: Foul Ball, location: 3F
2-2: Foul Ball, location: 5FF
2-2: Ball
3-2: Fly out, F9 (Flyball, 9LS, EV 76.9 MPH)
Batting: RHB Steve White 0-0: Ball
1-0: Called Strike
1-1: Ball
2-1: Ball
3-1: Base on Balls
Batting: LHB Santiago Romero 0-0: Called Strike
0-1: Ball
1-1: Swinging Strike
1-2: Foul Ball, location: 5F
1-2: Ball
2-2: Foul Ball, location: 9LSF
2-2: Ball
3-2: Strikes out swinging
Top of the 5th over - 0 runs, 0 hits, 0 errors, 1 left on base; Milwaukee 3 - Houston 1
BOTTOM OF THE 5TH
Houston Astros batting - Pitching for Milwaukee Brewers : RHP Pedro Guevara
Batting: RHB Chris Martínez 0-0: Swinging Strike
0-1: Called Strike
0-2: Ball
1-2: Ball
2-2: Foul Ball, location: 2F
2-2: Strikes out swinging
Batting: RHB Sukenobu Taneda 0-0: Ball
1-0: Ball
2-0: Called Strike
2-1: Ball
3-1: Fly out, F7 (Flyball, 7S, EV 99.4 MPH)
Batting: LHB Emiel Vonhof 0-0: Fly out, F7 (Flyball, 7LD, EV 110.6 MPH)
Bottom of the 5th over - 0 runs, 0 hits, 0 errors, 0 left on base; Milwaukee 3 - Houston 1
TOP OF THE 6TH
Milwaukee Brewers batting - Pitching for Houston Astros : LHP Ron Reith
Pitching: RHP Shun Ine
Batting: LHB John Brosseau 0-0: Ball
1-0: Fly out, F8 (Flyball, 8LD, EV 103.8 MPH)
Batting: LHB Roberto Rodríguez 0-0: Called Strike
0-1: DOUBLE (Line Drive, 3D, EV 103.1 MPH)
Batting: LHB Ron McBride 0-0: Foul Ball, location: 2F
0-1: Ball
1-1: Fly out, F7 (Flyball, 7, EV 80.6 MPH)
Batting: LHB Stanley Hawkins 0-0: Ball
1-0: Called Strike
1-1: Ball
2-1: Ball
3-1: Base on Balls
Batting: RHB Pat Dunlap 0-0: Ball
1-0: Ground out 4-3 (Groundball, 13, EV 93.1 MPH)
Top of the 6th over - 0 runs, 1 hit, 0 errors, 2 left on base; Milwaukee 3 - Houston 1
BOTTOM OF THE 6TH
Houston Astros batting - Pitching for Milwaukee Brewers : RHP Pedro Guevara
Batting: RHB Jin Daikawa 0-0: Swinging Strike
0-1: Swinging Strike
0-2: Strikes out looking
Batting: LHB Trevor Burt 0-0: Ground out 6-3 (Groundball, 6, EV 87.5 MPH)
Batting: RHB Garrek Carpenter 0-0: Swinging Strike
0-1: Fly out, F9 (Line Drive, 9, EV 91.3 MPH)
Bottom of the 6th over - 0 runs, 0 hits, 0 errors, 0 left on base; Milwaukee 3 - Houston 1
TOP OF THE 7TH
Milwaukee Brewers batting - Pitching for Houston Astros : RHP Shun Ine
Batting: RHB Steve Sloan 0-0: Ball
1-0: Ground out 6-3 (Groundball, 56, EV 78.1 MPH)
Batting: SHB Yang Siu 0-0: Called Strike
0-1: Swinging Strike
0-2: Ball
1-2: Foul Ball, location: 2F
1-2: Ball
2-2: Ground out 4-3 (Groundball, 34, EV 86.9 MPH)
Batting: RHB Steve White 0-0: Ball
1-0: Ball
2-0: Ball
3-0: Called Strike
3-1: Ground out 6-3 (Groundball, 6, EV 78.8 MPH)
Top of the 7th over - 0 runs, 0 hits, 0 errors, 0 left on base; Milwaukee 3 - Houston 1
BOTTOM OF THE 7TH
Houston Astros batting - Pitching for Milwaukee Brewers : RHP Pedro Guevara
Pitching: RHP George Thomas
Batting: RHB Mike Hall 0-0: Ball
1-0: Foul Ball, location: 3DF
1-1: SINGLE (Groundball, 2R, EV 68.8 MPH) (infield hit)
Batting: RHB Arturo Becerra 0-0: Fielders Choice at 2nd, 4-6 (Groundball, 4MD, EV 101.9 MPH)
Pinch Hitting: LHB Cal Dascenzo 0-0: Called Strike
Arturo Becerra steals 2nd base
0-1: SINGLE (Groundball, 4MD, EV 108.8 MPH)
Arturo Becerra to third
Runner from 3rd tries for Home, SAFE, throw by CF to home
Batting: RHB Chris Martínez 0-0: Called Strike
0-1: Ball
1-1: Fielders Choice at 2nd, 6-4 (Groundball, 56D, EV 95.6 MPH)
Batting: RHB Sukenobu Taneda 0-0: Called Strike
0-1: Ball
1-1: Foul Ball, location: 9LDF
1-2: Foul Ball, location: 9LDF
1-2: Ball
2-2: Fielders Choice at 2nd, 6-4 (Groundball, 6, EV 85.6 MPH)
Bottom of the 7th over - 1 run, 2 hits, 0 errors, 1 left on base; Milwaukee 3 - Houston 2
TOP OF THE 8TH
Milwaukee Brewers batting - Pitching for Houston Astros : RHP Shun Ine
Pitching: LHP Felipe Ruíz
Now in CF: Garrek Carpenter
Now in RF: Cal Dascenzo
Batting: LHB Santiago Romero 0-0: Called Strike
0-1: Ball
1-1: Ball
2-1: Swinging Strike
2-2: Strikes out swinging
Batting: LHB John Brosseau 0-0: Foul Ball, location: 23F
0-1: Ball
1-1: Called Strike
1-2: Ball
2-2: Ground out 6-3 (Groundball, 6, EV 97.5 MPH)
Batting: LHB Roberto Rodríguez 0-0: Called Strike
0-1: Fly out, F5 (Popup, 56S, EV 83.8 MPH)
Top of the 8th over - 0 runs, 0 hits, 0 errors, 0 left on base; Milwaukee 3 - Houston 2
BOTTOM OF THE 8TH
Houston Astros batting - Pitching for Milwaukee Brewers : RHP George Thomas
Now at 1B: Roberto Rodríguez
Now in LF: Stanley Hawkins
Now in RF: David MacDonald
Batting: LHB Emiel Vonhof 0-0: Ball
1-0: SINGLE (Groundball, 4MD, EV 95.0 MPH)
Batting: RHB Jin Daikawa 0-0: Foul Ball, location: 9LDF
0-1: Foul Ball, location: 2F
0-2: Ball
1-2: Ball
2-2: Foul Ball, location: 9LDF
2-2: Foul Ball, location: 2F
2-2: Foul Ball, location: 3F
2-2: Ball
3-2: Fly out, F2 (Popup, 2RF, EV 97.5 MPH)
Pitching: RHP Joey Simons
Batting: LHB Trevor Burt 0-0: Called Strike
0-1: Called Strike
0-2: Ball
1-2: Foul Ball, location: 5SF
1-2: Foul Ball, location: 7LDF
1-2: SINGLE (Groundball, 6MD, EV 102.5 MPH)
Emiel Vonhof to second
Runner from 2nd tries for 3rd, SAFE, no throw by CF
Batting: RHB Garrek Carpenter 0-0: Called Strike
0-1: Ball
1-1: Foul Ball, location: 2F
1-2: Strikes out swinging
Batting: RHB Mike Hall 0-0: Called Strike
0-1: Swinging Strike
0-2: Ball
1-2: Ball
2-2: Ball
3-2: Strikes out looking
Bottom of the 8th over - 0 runs, 2 hits, 0 errors, 2 left on base; Milwaukee 3 - Houston 2
TOP OF THE 9TH
Milwaukee Brewers batting - Pitching for Houston Astros : LHP Felipe Ruíz
Batting: LHB Ron McBride 0-0: Swinging Strike
0-1: Ball
1-1: Ground out 3-1 (Groundball, 34S, EV 108.1 MPH)
Batting: LHB Stanley Hawkins 0-0: Called Strike
0-1: Called Strike
0-2: Foul Ball, location: 7LDF
0-2: Strikes out swinging, 2-3 out at first.
Pitching: RHP Skip West
Pinch Hitting: SHB Ray Day 0-0: Called Strike
0-1: Ball
1-1: Ball
2-1: Foul Ball, location: 3FF
2-2: SOLO HOME RUN (Line Drive, 89XD, EV 110.6 MPH), Distance : 413 ft
Batting: RHB Steve Sloan 0-0: Called Strike
0-1: Ball
1-1: Ground out 4-3 (Groundball, 34D, EV 95.6 MPH)
Top of the 9th over - 1 run, 1 hit, 0 errors, 0 left on base; Milwaukee 4 - Houston 2
BOTTOM OF THE 9TH
Houston Astros batting - Pitching for Milwaukee Brewers : RHP Joey Simons
Now at C: Bill Stevens
Batting: RHB Arturo Becerra 0-0: Ground out 5-3 (Groundball, 56S, EV 85.6 MPH)
Batting: LHB Cal Dascenzo 0-0: Foul Ball, location: 3F
0-1: Called Strike
0-2: Ball
1-2: Strikes out looking
Pinch Hitting: LHB Bernardo Ramírez 0-0: Called Strike
0-1: Called Strike
0-2: Ball
1-2: Ground out 5-3 (Groundball, 5, EV 101.3 MPH)
Bottom of the 9th over - 0 runs, 0 hits, 0 errors, 0 left on base; Milwaukee 4 - Houston 2
Thursday, April 25th , 2024 - OOTP Baseball 24.10 Build 82